 Dungeon Crawl Stone Soup version 0.28-a0-429-g1448048969 (webtiles) character file.

Game seed: 3190421093477504125

51 siradein the Slasher (level 3, -3/29 HPs)
             Began as a Demonspawn Abyssal Knight on Sept 10, 2021.
             Was a Follower of Lugonu.
             Slain by a gnoll (4 damage)
             ... on level 1 of the Dungeon.
             The game lasted 00:03:09 (2020 turns).

siradein the Slasher (Demonspawn Abyssal Knight)    Turns: 2020, Time: 00:03:10

Health: -3/29      AC:  4    Str: 13    XL:     3   Next: 57%
Magic:  5/5        EV: 11    Int: 13    God:    Lugonu [*.....]
Gold:   50         SH:  0    Dex: 12    Spells: 2/2 levels left

rFire   . . .      SeeInvis .   i - +0 long sword
rCold   . . .      Faith    .   (no shield)
rNeg    . . .      Spirit   .   b - +0 leather armour
rPois   .          Reflect  .   (helmet restricted)
rElec   .          Harm     .   e - +0 cloak
rCorr   .          Rampage  .   (no gloves)
Will    .....                   (no boots)
Stlth   +.........              (no amulet)
HPRegen 0.09/turn               (no ring)
MPRegen 0.09/turn               (no ring)

@: no status effects
A: antennae 1, foul stench 1
a: Renounce Religion, Depart the Abyss


You were on level 1 of the Dungeon.
You worshipped Lugonu.
Lugonu was aware of your devotion.
You visited 1 branch of the dungeon, and saw 2 of its levels.
You visited the Abyss 1 time.

You collected 50 gold pieces.

Inventory:

Hand Weapons
 i - a +0 long sword (weapon)
Armour
 b - a +0 leather armour (worn)
 e - a +0 cloak (worn)
Scrolls
 a - a scroll of fear {unknown}
 g - a scroll of amnesia {unknown}
 j - a scroll of vulnerability {unknown}
 k - a scroll of enchant weapon {unknown}
Potions
 c - a potion of curing {unknown}
 d - a potion of might {unknown}
 f - a potion of resistance {unknown}
 h - a potion of berserk rage {unknown}


   Skills:
 - Level 3.0 Fighting
 + Level 3.2 Long Blades
 - Level 1.7 Armour
 - Level 0.8 Dodging
 + Level 0.4 Stealth
 + Level 3.2 Invocations


You had 2 spell levels left.
You didn't know any spells.
Your spell library was empty.

Dungeon Overview and Level Annotations

Branches:
Dungeon (2/15)

Altars:


Innate Abilities, Weirdness & Mutations

You have a pair of small antennae on your head.
You may rarely emit foul miasma when damaged in melee.


Message History

You are too injured to fight recklessly!
You hit the gnoll but do no damage.
The gnoll is heavily wounded.
The gnoll hits you with a +0 club.
You barely miss the gnoll.
The gnoll is heavily wounded.
The gnoll barely misses you.
You barely miss the gnoll.
The gnoll is heavily wounded.
The gnoll barely misses you.
You hit the gnoll but do no damage.
The gnoll is heavily wounded.
The gnoll misses you. x2
You completely miss the gnoll.
The gnoll is heavily wounded.
The gnoll hits you with a +0 club.
* * * LOW HITPOINT WARNING * * *
The gnoll misses you.
There is a stone staircase leading up here.
You climb upwards.
There is a stone staircase leading down here.
The gnoll hits you with a +0 club.
* * * LOW HITPOINT WARNING * * *
You barely miss the gnoll.
The gnoll is moderately wounded.
The gnoll hits you with a +0 club.
You closely miss the gnoll.
The gnoll is moderately wounded.
The gnoll hits you with a +0 club.
* * * LOW HITPOINT WARNING * * *
You barely miss the gnoll.
The gnoll is moderately wounded.
The gnoll hits you with a +0 club.
* * * LOW HITPOINT WARNING * * *
You slash the gnoll!
The gnoll is almost dead.
The gnoll hits you with a +0 club.
* * * LOW HITPOINT WARNING * * *
The gnoll hits you with a +0 club.
You die...

....# #.## #.# #.# ....#
#..# #.# #.# ....# ##.# #.#
#.# #.### #.## #.# #.# #.#
#..# #.# #.#
#.########.###.# #.#
#.......##..##.# #.#
#######.###.##.#####.# #.#
#.##..@g...# ## #.#
#.##.############## .#
#.###.##.#............# .
#.#......#.#########.## #
#........#...# #.#
#######..#...###.# #.#
##..###...#.......### #.#
##....##.###.........# #.#
##....##.#.........#.#####.#


You could see a gnoll.

Vanquished Creatures
  A gnoll (D:2)
  3 endoplasms (D:1)
  12 giant cockroaches
  2 goblins
  2 hobgoblins (D:1)
  3 jackals (D:1)
  A kobold (D:1)
  4 ball pythons
  2 bats
  4 rats
34 creatures vanquished.

Notes
Turn   | Place    | Note
-------+----------+-------------------------------------------
     0 | Abyss:1  | siradein the Demonspawn Abyssal Knight began the quest for
                  | the Orb.
     0 | Abyss:1  | Reached XP level 1. HP: 18/18 MP: 2/2
    53 | Abyss:1  | Noticed a quasit
    61 | D:1      | Escaped the Abyss
   591 | D:1      | Gained mutation: You may rarely emit foul miasma when
                  | damaged in melee. [demonic ancestry]
   591 | D:1      | Reached XP level 2. HP: 14/24 MP: 4/4
   766 | D:1      | Reached * piety under Lugonu
  1654 | D:2      | Gained mutation: You have a pair of small antennae on your
                  | head. [demonic ancestry]
  1654 | D:2      | Reached XP level 3. HP: 25/29 MP: 5/5
  2020 | D:1      | HP: 1/29 [gnoll (4)]
  2020 | D:1      | Slain by a gnoll

Illustrated notes

Levels and vault maps discovered:
D:1:      shiori_arrival_elements, layout_basic, nrook_mini_vaults,
          serial_park_tiny_pond, minmay_misc_feat_diagonals
D:2:      minmay_roachtagon, layout_loops_cross

Skill      XL: |  1  2  3 |
---------------+----------+-----
Long Blades    | 2 3 |  3.2
Invocations    | 3 |  3.2
Fighting       | |  3.0
Armour         | |  1.7
Dodging        | |  0.8
Stealth        | |  0.4

Action                   || total
-------------------------++-------
Melee: Falchion          ||   123
       Long sword        ||    15
Invok: Depart the Abyss  ||     1
Armor: Leather armour    ||    60
Dodge: Dodged            ||   125

Table legend: (Time is in decaauts)
 A = Elapsed time spent in this place.
 B = Non-inter-level travel time spent in this place.
 C = Inter-level travel time spent in this place.
 D = Time resting spent in this place.
 E = Time spent auto-exploring this place.
 F = Levels seen in this place.
 G = Mean time per level.
                   A        B        C        D        E       F      G
               +--------+--------+--------+--------+--------+-----+--------+
         Total |   2044 |   2036 |      8 |    200 |   1327 |   3 |  681.3 |
       Dungeon |   1983 |   1975 |      8 |    200 |   1281 |   2 |  991.5 |
         Abyss |     61 |     61 |      0 |      0 |     46 |   1 |   61.0 |
               +--------+--------+--------+--------+--------+-----+--------+

Top non-repeatable levels by time:
     D:1: 1459 daAuts
     D:2: 524 daAuts
 Abyss:1: 61 daAuts
